 Dungeon Crawl Stone Soup version 0.20-a0-1006-ge6c5631 (webtiles) character file.

1306 FastMan the Chopper (level 8, -2/96 HPs)
             Began as a Formicid Fighter on Apr 14, 2017.
             Was a Believer of Makhleb.
             Slain by an orc warrior
             ... wielding a +0 halberd
              (6 damage)
             ... on level 6 of the Dungeon.
             The game lasted 00:04:01 (5023 turns).

FastMan the Chopper (Formicid Fighter)              Turns: 5023, Time: 00:04:01

Health: -2/96      AC: 24    Str: 21    XL:     8   Next: 88%
Magic:  8/8        EV:  2    Int:  8    God:    Makhleb [**....]
Gold:   161        SH: 10    Dex: 12    Spells: 7/7 levels left

rFire    . . .     SeeInvis .   a - +0 war axe
rCold    . . .     Gourm    .   c - +0 shield
rNeg     + + +     Faith    .   (armour currently unavailable)
rPois    +         Spirit   .   (helmet unavailable)
rElec    .         Reflect  .   (cloak currently unavailable)
rCorr    .         Harm     .   (gloves currently unavailable)
MR       .....                  (boots currently unavailable)
Stlth    +.........             (no amulet)
Regen    0.3/turn               v - ring of positive energy
MPRegen  0.2/turn               (no ring)

@: tree-form, invisible
A: permanent stasis, dig shafts and tunnels, four strong arms
a: Minor Destruction, Renounce Religion


You were on level 6 of the Dungeon.
You worshipped Makhleb.
Makhleb was pleased with you.
You were not hungry.
You were a tree.
You visited 1 branch of the dungeon, and saw 6 of its levels.

You collected 161 gold pieces.

Inventory:

Hand Weapons
 a - a +0 war axe (weapon)
Armour
 b - a +0 scale mail (melded)
 c - a +0 shield (worn)
 u - a cursed -1 pair of boots (melded)
Jewellery
 v - a ring of positive energy (left branch)
Scrolls
 g - a scroll of immolation {unknown}
 j - a scroll of brand weapon {unknown}
 m - 2 scrolls of fog {unknown}
 r - 2 scrolls of remove curse {@r2}
Potions
 d - a potion of might {@q4}
 h - a potion of mutation
 i - a potion of agility {@q5}
 k - 2 potions of brilliance {@q6}
 n - a potion of magic {unknown}
 q - 2 potions of ambrosia {unknown}
Comestibles
 f - 3 bread rations {@e1}
 l - 4 meat rations {@e2}
 o - a royal jelly {@e3}
 s - 10 chunks of flesh


   Skills:
 + Level 5.7 Fighting
 * Level 6.7 Axes
 + Level 6.0 Armour
 + Level 6.5 Shields


You had 7 spell levels left.
You didn't know any spells.

Dungeon Overview and Level Annotations

Branches:
Dungeon (6/15)             Temple (0/1) D:5

Altars:
Dithmenos
Elyvilon
Kikubaaqudgha
Makhleb
Uskayaw


Innate Abilities, Weirdness & Mutations

You cannot be hasted, slowed, berserked, paralysed or teleported.
You can dig through walls and to a lower floor.
Your four strong arms can wield two-handed weapons with a shield.
((You have a pair of large antennae on your head. (SInv)))


Message History

The orc warrior is moderately wounded.
You block the orc warrior's attack.
You closely miss the orc warrior.
The orc warrior is moderately wounded.
The orc warrior hits you with a halberd!
* * * LOW HITPOINT WARNING * * *
You hit the orc warrior.
The orc warrior is moderately wounded.
You block the orc warrior's attack.
You slash the orc warrior!
The orc warrior is severely wounded.
You block the orc warrior's attack.
You hit the orc warrior.
The orc warrior is severely wounded.
The orc warrior hits you but does no damage.
Unknown command.
It was a potion of invisibility.
You fade into invisibility!
The orc warrior hits you with a halberd.
You die...

##+###......### # #...
#....#...#....#..
###...##....#...#....#..
.......#....+...+....+..
.......#....#...#....#..
.......+.#..........<##.
....... #.###..........
......o#+#.# #..........
......)♣(..# #.......(..
#######[...# #..........
#....###......###.
#.............+ +.
#..?####......###.
#.................
#...############## #...#
# #


You could see an orc warrior.

Vanquished Creatures
  Edmund (D:5)
  An orc warrior (D:5)
  2 sky beasts
  An ogre (D:4)
  A centaur (D:5)
  A water moccasin skeleton (D:4)
  A howler monkey (D:5)
  A crimson imp (D:5)
  2 orc priests
  A gnoll shaman (D:6)
  5 worker ants
  6 orc wizards
  A hound skeleton (D:5)
  5 gnolls
  A howler monkey skeleton (D:5)
  5 adders
  A shadow imp (D:6)
  2 oozes
  An adder skeleton (D:6)
  3 worms
  2 dart slugs
  7 leopard geckos
  16 orcs
  6 giant cockroaches
  5 goblins
  7 hobgoblins
  3 jackals (D:4)
  2 quokkas
  10 bats
  3 frilled lizards
  A giant cockroach zombie (D:5)
  A jackal zombie (D:5)
  4 kobolds
  A leopard gecko skeleton (D:4)
  7 rats
117 creatures vanquished.

Notes
Turn   | Place    | Note
-------+----------+-------------------------------------------
     0 | D:1      | FastMan the Formicid Fighter began the quest for the Orb.
     0 | D:1      | Reached XP level 1. HP: 18/18 MP: 1/1
   107 | D:1      | Reached XP level 2. HP: 24/24 MP: 2/2
   304 | D:1      | Reached XP level 3. HP: 29/29 MP: 3/3
   774 | D:2      | Reached XP level 4. HP: 29/35 MP: 4/4
   843 | D:2      | Noticed a hand axe
   844 | D:2      | Noticed a hand axe
   847 | D:2      | Found a hide-covered altar of Uskayaw.
   904 | D:1      | HP: 1/35 [gnoll/flail (1)]
  1617 | D:3      | Reached XP level 5. HP: 42/42 MP: 5/5
  2174 | D:3      | Found a shadowy altar of Dithmenos.
  2174 | D:3      | Found a faded altar of an unknown god.
  2179 | D:3      | Found an ancient bone altar of Kikubaaqudgha.
  2186 | D:3      | Found a faded altar of an unknown god.
  2189 | D:3      | Found a white marble altar of Elyvilon.
  2412 | D:3      | Became a worshipper of Makhleb the Destroyer
  2412 | D:3      | Reached * piety under Makhleb
  2491 | D:4      | Reached XP level 6. HP: 39/48 MP: 6/6
  2494 | D:4      | Noticed an ogre
  2699 | D:4      | Killed an ogre
  2825 | D:4      | Noticed a sky beast
  2854 | D:3      | Killed a sky beast
  2854 | D:3      | Reached skill level 5 in Shields
  2854 | D:3      | Reached XP level 7. HP: 12/55 MP: 7/7
  3116 | D:4      | Reached skill level 5 in Armour
  3233 | D:4      | Reached skill level 5 in Axes
  3792 | D:5      | Entered Level 5 of the Dungeon
  4069 | D:5      | Reached XP level 8. HP: 61/61 MP: 8/8
  4076 | D:5      | Found a staircase to the Ecumenical Temple.
  4165 | D:5      | Reached skill level 5 in Fighting
  4210 | D:5      | Noticed Edmund
  4220 | D:5      | Killed Edmund
  4272 | D:5      | Reached ** piety under Makhleb
  5019 | D:6      | HP: 3/96 [orc warrior/halberd (16)]
  5023 | D:6      | Slain by an orc warrior

Vault maps used:
D:1:      saegor_arrival_simple_e, serial_curves, eino_curves_03, eino_curves_01
D:2:      dancing_weapons_uskayaw, chequers_ecumenical_altar_lobes
D:3:      chequers_temple_overflow_minitemple, first_bread
D:4:      nicolae_ossuary_entry_plus, kennysheep_cross_room
D:5:      minmay_temple_entry_nine_rooms, kennysheep_generic_room_7, uniq_edmund
D:6:      uniq_prince_ribbit1

Skill      XL: |  1  2  3  4  5  6  7  8 |
---------------+-------------------------+-----
Axes           | 3 4 5 6 |  6.7
Armour         | 4 5 6 |  6.0
Shields        | 4 5 6 |  6.5
Fighting       | 4 5 |  5.7

Action                   |  1- 3 |  4- 6 |  7- 9 || total
-------------------------+-------+-------+-------++-------
Melee: War axe           |   115 |   143 |   214 ||   472
  Use: Potion            |       |     2 |     4 ||     6
       Scroll            |       |       |     8 ||     8
  Eat: Chunk             |       |     7 |     7 ||    14
Armor: Scale mail        |    57 |    57 |    54 ||   168
       Skin              |       |       |    12 ||    12
Dodge: Dodged            |    47 |    56 |    64 ||   167
Block: Shield            |    70 |    83 |   116 ||   269
